 Dungeon Crawl Stone Soup version 0.31.0-9-g3a7656b989 (webtiles) character file.

Game seed: 3652022568844924953

1371 qw the Nimble (level 8, -3/35 (40) HPs)
             Began as a Spriggan Hunter on Feb 2, 2024.
             Killed by divine providence
             ... invoked by Jeremiah
              (17 damage)
             ... on level 6 of the Dungeon.
             The game lasted 00:00:21 (3741 turns).

qw the Nimble (Spriggan Hunter)                     Turns: 3741, Time: 00:00:21

HP:   -3/35 (40)    AC:  3    Str:  7    XL:     8   Next: 38%
MP:   9/9           EV: 26    Int: 11    God:
Gold: 404           SH:  0    Dex: 24    Spells: 7/7 levels left

rFire   . . .        a - +0 shortbow
rCold   . . .        (shield currently unavailable)
rNeg    . . .        d - +1 robe of Privacy {Dex+4}
rPois   .            (helmet restricted)
rElec   .            (no cloak)
rCorr   .            (gloves unavailable)
SInv    +            (boots unavailable)
Will    ++...        n - amulet of regeneration
Stlth   ++           k - ring of willpower
HPRegen 1.05/turn    (no ring)
MPRegen 0.11/turn

%: no passive effects
@: hasted, heavily drained, very quick
A: very small, no large weapons, unfitting armour, see invisible, speed 3
a: no special abilities


You were on level 6 of the Dungeon.
You visited 1 branch of the dungeon, and saw 6 of its levels.
You also visited: Ossuary.

You collected 404 gold pieces.


Innate Abilities, Weirdness & Mutations

You are very small and have problems with some larger weapons.
You are too small for most types of armour.
You have supernaturally acute eyesight. (SInv)
You cover ground extremely quickly. (Speed+++)


   Skills:
 - Level 3.1 Fighting
 + Level 8.0 Ranged Weapons
 - Level 9.4 Dodging
 - Level 1.5 Stealth


You had 7 spell levels left.
You didn't know any spells.
Your spell library was empty.

Inventory:

Hand Weapons
 a - a +0 shortbow (weapon)
Armour
 d - the +1 robe of Privacy (worn) {Dex+4}
   (You found it on level 2 of the Dungeon)

   Dex+4:     It affects your dexterity (+4).
Jewellery
 k - a ring of willpower (left hand)
 m - a ring of fire
 n - an amulet of regeneration (around neck)
Wands
 b - a wand of iceblast (14)
Potions
 e - a potion of haste
 f - 2 potions of enlightenment
 g - a potion of curing
 h - a potion of mutation {unknown}
 i - a potion of magic {unknown}
 j - a potion of resistance
 o - a potion of lignification {unknown}
 q - a potion of cancellation {unknown}

Dungeon Overview and Level Annotations

Branches:
Dungeon (6/15)            Ossuary (visited)
 Temple: D:4-7

Altars:
Gozag
Ru
Trog
Vehumet
The Shining One

Annotations:
D:6 Jeremiah


Message History

The butterfly disappears in a burst of colours!
Jeremiah closely misses you.
You shoot an arrow. The arrow hits the butterfly.
You kill the butterfly!
The butterfly disappears in a burst of colours!
You feel yourself slow down.
3713 ||| DRINKING 2 potions of haste.
You feel yourself speed up.
Jeremiah throws their arms up pleadingly.
Something smites you!
You shoot an arrow. The arrow hits Jeremiah.
Jeremiah is lightly wounded.
The butterfly disappears in a burst of colours!
Jeremiah hits you from afar with a +4 trident of draining.
You feel drained.
You shoot an arrow. The arrow barely misses Jeremiah.
Jeremiah completely misses you. Jeremiah misses you. Jeremiah misses you.
The butterfly disappears in a burst of colours!
Jeremiah misses you. Jeremiah closely misses you.
The butterfly disappears in a burst of colours!
Jeremiah closely misses you.
Jeremiah hops!
3725 ||| FLEEEEING.
You start resting.
The butterfly disappears in a burst of colours! x2
Jeremiah is nearby!
You shoot an arrow. The arrow hits Jeremiah.
Jeremiah is lightly wounded.
Jeremiah completely misses you.
You shoot an arrow.
The arrow hits Jeremiah but does no damage.
Jeremiah is lightly wounded.
Jeremiah hits you from afar with a +4 trident of draining!
You feel drained.
Jeremiah throws their arms up pleadingly.
Something smites you!
You die...
Jeremiah wails, "I didn't mean to kill anyone!
I'm not a murderer!"

..#.### #####.#.#.+
?....#.#.#
#...#.#.# ...#.#.#
####b#b#.#b######.#
F..bF.bb.Fb.....<.#
######.#.#b########
.).#.#@# #####.#.#
..#.# ###.# #.# #.#
#.# #.# #.#


You could see Jeremiah.

Vanquished Creatures
  Sigmund (D:6)
  Edmund (D:5)
  A phantom (D:5)
  3 elf zombies (Ossuary)
  A burial acolyte (Ossuary)
  2 bombardier beetles
  4 centaur zombies (Ossuary)
  2 human zombies (Ossuary)
  A jelly (D:4)
  2 orc priests (D:5)
  2 hounds
  An iguana (D:4)
  2 orc wizards (D:4)
  A bullfrog simulacrum (Ossuary)
  2 hound zombies (Ossuary)
  3 mummies (Ossuary)
  3 gnolls
  4 adders
  2 adder zombies (Ossuary)
  5 dart slugs
  2 ribbon worms
  20 orcs
  6 ball pythons
  9 bats
  6 endoplasms
  4 giant cockroaches
  2 gnoll zombies (Ossuary)
  12 goblins
  A hobgoblin (D:1)
  2 jackals (D:1)
  7 kobolds
  4 quokkas
  A ball python zombie (Ossuary)
  5 frilled lizards
  6 jackal zombies (Ossuary)
  4 kobold zombies (Ossuary)
  5 rats
139 creatures vanquished.

Notes
Turn   | Place    | Note
-------+----------+-------------------------------------------
     0 | D:1      | qw the Spriggan Hunter began the quest for the Orb.
     0 | D:1      | Reached XP level 1. HP: 10/10 MP: 2/2
     0 | D:1      | 0 ||| qw: Version: 0.3-a-155-g5e7d8dd
     0 | D:1      | 0 ||| qw: Game counter: 2682
     0 | D:1      | 0 ||| qw: Melee chars always use a shield: true
     0 | D:1      | 0 ||| qw: God list: Okawaru
     0 | D:1      | 0 ||| qw: Allow faded altars: false
     0 | D:1      | 0 ||| qw: Do Orc after clearing Dungeon:15 true
     0 | D:1      | 0 ||| qw: Do second Lair branch before Depths: true
     0 | D:1      | 0 ||| qw: Lair rune preference: random
     0 | D:1      | 0 ||| qw: Goals: Normal
     0 | D:1      | 0 ||| PLANNING D:1-11
    52 | D:1      | Reached skill level 3 in Dodging
   121 | D:1      | Reached XP level 2. HP: 14/14 MP: 3/3
   136 | D:1      | Reached skill level 4 in Dodging
   479 | D:1      | Reached XP level 3. HP: 18/18 MP: 4/4
   599 | D:1      | 599 ||| READING scroll labelled IVVER BYUGUELE.
   600 | D:1      | 600 ||| READING scroll labelled WORAXAJAHE.
   600 | D:1      | 600 ||| IDENTIFYING red potion
   601 | D:1      | 601 ||| DRINKING 2 black potions.
   602 | D:1      | 602 ||| DROPPING scroll of butterflies.
   684 | D:2      | Identified the +1 robe of Privacy {Dex+4}
   719 | D:2      | Found a faded altar of an unknown god.
   847 | D:2      | 847 ||| FLEEEEING.
  1014 | D:2      | 1014 ||| UPGRADING to +1 robe of Privacy {Dex+4}.
  1024 | D:2      | 1024 ||| DROPPING +0 robe.
  1025 | D:2      | 1025 ||| UPGRADING to amulet of guardian spirit.
  1030 | D:2      | 1030 ||| UPGRADING to ring of willpower.
  1031 | D:2      | 1031 ||| READING scroll of identify.
  1031 | D:2      | 1031 ||| IDENTIFYING amethyst potion
  1032 | D:2      | 1032 ||| READING 2 scrolls labelled GINA YMMALIJACS.
  1033 | D:2      | 1033 ||| DRINKING 2 white potions.
  1034 | D:2      | 1034 ||| DROPPING potion of degeneration.
  1035 | D:2      | 1035 ||| DROPPING scroll of amnesia.
  1103 | D:3      | Reached XP level 4. HP: 22/22 MP: 5/5
  1221 | D:3      | Reached skill level 5 in Dodging
  1287 | D:3      | Found a radiant altar of Vehumet.
  1294 | D:3      | Found a sacrificial altar of Ru.
  1295 | D:3      | Found a glowing golden altar of the Shining One.
  1297 | D:3      | Found a bloodstained altar of Trog.
  1299 | D:3      | Found an opulent altar of Gozag.
  1698 | D:3      | 1698 ||| READING scroll labelled ERHOHO COSIZIE.
  1699 | D:3      | 1699 ||| DRINKING 2 fizzy golden potions.
  1700 | D:3      | 1700 ||| DRINKING 2 murky amethyst potions.
  1856 | D:4      | Reached XP level 5. HP: 26/26 MP: 6/6
  1920 | D:4      | Reached skill level 6 in Dodging
  2147 | D:4      | Reached XP level 6. HP: 30/30 MP: 7/7
  2196 | D:4      | Reached skill level 6 in Ranged Weapons
  2387 | D:4      | 2387 ||| UPGRADING to amulet of regeneration.
  2397 | D:4      | 2397 ||| DROPPING amulet of guardian spirit.
  2398 | D:4      | 2398 ||| READING scroll of identify.
  2398 | D:4      | 2398 ||| IDENTIFYING bubbling sapphire potion
  2399 | D:4      | 2399 ||| READING scroll labelled OXOUNA RILOSO.
  2400 | D:4      | 2400 ||| DROPPING potion of attraction.
  2444 | D:5      | Entered Level 5 of the Dungeon
  2445 | D:5      | 2445 ||| PLANNING OSSUARY
  2445 | D:5      | 2445 ||| STAIRDANCE
  2449 | D:5      | 2449 ||| STAIRDANCE
  2462 | D:5      | 2462 ||| STAIRDANCE
  2475 | D:5      | 2475 ||| STAIRDANCE
  2541 | D:5      | Reached skill level 7 in Dodging
  2667 | D:5      | Found a sand-covered staircase.
  2675 | Ossuary  | Entered an ossuary
  2726 | Ossuary  | Reached XP level 7. HP: 32/35 MP: 8/8
  2830 | Ossuary  | Reached skill level 8 in Dodging
  3093 | Ossuary  | 3093 ||| READING scroll of identify.
  3093 | Ossuary  | 3093 ||| IDENTIFYING pink potion
  3094 | Ossuary  | 3094 ||| READING scroll labelled HIGHUGGYRE.
  3095 | Ossuary  | 3095 ||| READING scroll labelled DINEVI DUSKOTO.
  3196 | Ossuary  | 3196 ||| DROPPING potion of ambrosia.
  3204 | D:5      | 3204 ||| PLANNING D:1-11
  3245 | D:5      | Reached XP level 8. HP: 39/39 MP: 9/9
  3500 | D:5      | Noticed Edmund
  3508 | D:5      | HP: 1/39 [Edmund/+2 heavy flail (16)]
  3509 | D:5      | 3509 ||| DRINKING potion of heal wounds.
  3520 | D:5      | Killed Edmund
  3521 | D:5      | Reached skill level 9 in Dodging
  3618 | D:5      | 3618 ||| READING scroll labelled READIF KAKHAPLAVO.
  3665 | D:6      | Noticed Sigmund
  3666 | D:6      | 3666 ||| DRINKING 3 potions of haste.
  3672 | D:6      | Noticed Jeremiah
  3676 | D:6      | Killed Sigmund
  3677 | D:6      | Reached skill level 3 in Fighting
  3678 | D:6      | 3678 ||| FLEEEEING.
  3682 | D:6      | 3682 ||| FLEEEEING.
  3684 | D:6      | 3684 ||| FLEEEEING.
  3688 | D:6      | 3688 ||| FLEEEEING.
  3713 | D:6      | 3713 ||| DRINKING 2 potions of haste.
  3714 | D:6      | HP: 6/38 [Jeremiah/+4 trident of draining (6)]
  3725 | D:6      | 3725 ||| FLEEEEING.
  3741 | D:6      | Killed from afar by Jeremiah

Levels and vault maps discovered:
D:1:      nzn_arrival_depleted_hourglass, layout_rooms, st_stairs_11
D:2:      layout_basic, shapermc_ecumenical_altar_mp_ritualfount,
          chequers_serial_rivers_small_3
D:3:      layout_loops_cross, minitemple
D:4:      layout_gridville
D:5:      layout_loops_ring, enter_ossuary_1, uniq_edmund
D:6:      layout_basic, serial_shops, nicolae_shop_bloodbath_and_beyond,
          dk_noncrumbling_3, nicolae_shop_i_like_big_books, uniq_sigmund,
          uniq_jeremiah

Skill      XL: |  1  2  3  4  5  6  7  8 |
---------------+-------------------------+-----
Dodging        | 3 4 5 6 7 8 9 |  9.4
Ranged Weapons | 5 6 8 |  8.0
Fighting       | 2 3 |  3.1
Stealth        | |  1.5

Action                     |  1- 3 |  4- 6 |  7- 9 || total
---------------------------+-------+-------+-------++-------
   Fire: Shortbow          |   100 |   224 |   244 ||   568
    Use: Scroll            |     4 |     3 |     4 ||    11
         Potion            |     2 |     2 |     3 ||     7
 Armour: Robe              |     9 |    42 |    53 ||   104
  Dodge: Dodged            |    11 |   112 |   149 ||   272

Table legend:
 A = Non-vault XP
 B = Vault XP
 C = Vault XP percentage of total XP
 D = Non-vault monster count
 E = Vault monster count
 F = Vault count percentage of total count
                 A         B        C        D         E       F
            +---------+---------+-------+---------+---------+-------
      Total |     793 |    1166 |  59.5 |     102 |      37 |  26.6
            +---------+---------+-------+---------+---------+-------
        D:1 |      53 |       6 |  10.2 |      27 |       4 |  12.9
        D:2 |      22 |       0 |   0.0 |      10 |       0 |   0.0
        D:3 |      79 |       0 |   0.0 |      24 |       0 |   0.0
        D:4 |     338 |       0 |   0.0 |      30 |       0 |   0.0
        D:5 |     301 |     164 |  35.3 |      11 |       1 |   8.3
        D:6 |       0 |     223 | 100.0 |       0 |       1 | 100.0
    Ossuary |       0 |     773 | 100.0 |       0 |      31 | 100.0
            +---------+---------+-------+---------+---------+-------
